 Dungeon Crawl Stone Soup version 0.21.0-3-g78d12a8bdd (webtiles) character file.

4377 Kalmarka777 the Ducker (level 10, -2/100 HPs)
             Began as a Troll Fighter on Jan 12, 2018.
             Was a Believer of Okawaru.
             Slain by Erica
             ... wielding a +2 scimitar of flaming
              (4 damage)
             ... on level 8 of the Dungeon.
             The game lasted 00:16:55 (5747 turns).

Kalmarka777 the Ducker (Troll Fighter)              Turns: 5747, Time: 00:16:56

Health: -2/100     AC:  9    Str: 34    XL:     10   Next: 13%
Magic:  7/9        EV: 15    Int:  4    God:    Okawaru [**....]
Gold:   564        SH: 14    Dex:  9    Spells: 9/9 levels left

rFire    x . .     SeeInvis .   h - +0 trident "Tushill" {pierce, rElec rPois Str+5} (curse)
rCold    + . .     Gourm    +   b - +1 shield
rNeg     . . .     Faith    .   a - +0 robe
rPois    +         Spirit   .   y - +1 hat
rElec    +         Reflect  .   p - scarf {cloud immunity}
rCorr    .         Harm     +   (gloves unavailable)
MR       .....                  (boots unavailable)
Stlth    +++.......             j - amulet of harm
HPRegen  0.66/turn              v - +3 ring of protection
MPRegen  0.11/turn              n - ring of ice

@: lethally poisoned (-2 -> -3), heroism, slowed, very slow
A: large, unfitting armour, claws 3, fast metabolism 3, gourmand, regeneration
1, shaggy fur 1, tough skin 2
a: Heroism, Renounce Religion


You were on level 8 of the Dungeon.
You worshipped Okawaru.
Okawaru was pleased with you.
You were not hungry.

You visited 2 branches of the dungeon, and saw 10 of its levels.

You collected 564 gold pieces.

Inventory:

Hand Weapons
 h - the cursed +0 trident "Tushill" (weapon) {pierce, rElec rPois Str+5}
   (You found it on level 4 of the Dungeon)

   It inflicts extra damage upon your enemies.
   It affects your strength (+5).
   It insulates you from electricity.
   It protects you from poison.
   It has a curse placed upon it.
 u - the cursed +0 mace of Experimentation {venom, rF+ Int+4, unknown}
   (You found it on level 6 of the Dungeon)

   It poisons the flesh of those it strikes.
   It affects your intelligence (+4).
   It protects you from fire.
   It has a curse placed upon it.
Missiles
 o - 5 poisoned javelins (quivered)
 r - 13 javelins
Armour
 a - a +0 robe (worn)
 b - a +1 shield (worn)
 p - a scarf of cloud immunity (worn)
 y - a +1 hat (worn)
Jewellery
 g - a +2 amulet of reflection
 j - an amulet of harm (around neck)
 l - an uncursed ring of wizardry
 m - an uncursed ring of stealth
 n - a ring of ice (right claw)
 s - a +2 amulet of reflection
 v - a +3 ring of protection (left claw)
Wands
 c - a wand of acid (5)
 k - a wand of digging (12)
 w - a wand of random effects (19)
 x - a wand of iceblast (10)
 A - a wand of flame (34)
Scrolls
 f - 3 scrolls of amnesia
 i - 2 scrolls of blinking
 q - 4 scrolls of identify
 B - a scroll of teleportation
Potions
 e - a potion of flight
 t - 3 potions of curing
 z - a potion of haste
Comestibles
 d - 10 rations


   Skills:
 + Level 6.5(11.5) Fighting
 + Level 4.5(9.5) Polearms
 * Level 7.7(12.7) Dodging
 + Level 7.1(12.1) Shields
 - Level 7.6(12.6) Unarmed Combat


You had 9 spell levels left.
You didn't know any spells.

Dungeon Overview and Level Annotations

Branches:
Dungeon (9/15)             Temple (1/1) D:6
   Lair: D:8-11         Orc: D:9-12

Altars:
Ashenzari
Cheibriados
Dithmenos
Elyvilon
Fedhas
Gozag
Hepliaklqana
Kikubaaqudgha
Makhleb
Nemelex Xobeh
Okawaru
Qazlal
Ru
Sif Muna
Trog
Uskayaw
Vehumet
Wu Jian
Xom
Yredelemnul
Zin

Shops:
D:7 }

Annotations:
D:8 Erica


Innate Abilities, Weirdness & Mutations

You are too large for most types of armour.
You have claws for hands.
Your metabolism is lightning-fast.
You like to eat raw meat.
Your natural rate of healing is unusually fast.
You are covered in fur. (AC +1)
You have very tough skin. (AC +2)


Message History

You gain the combat prowess of a mighty hero.
You feel very sick. Something hits you. Something burns you.
Something hits you!
* * * LOW HITPOINT WARNING * * *
Something burns you.
* * * LOW HITPOINT WARNING * * *
You miss something.
You feel sick. Something hits you!
* * * LOW HITPOINT WARNING * * *
Something burns you.
* * * LOW HITPOINT WARNING * * *
You barely miss something.
You feel sick.
You hear some strange, mumbled words.
An orb of energy appears from out of thin air!
You block the orb of energy.
The orb of energy explodes!
You hear an angry buzzing noise.
You hit something.
You feel sick. You block something's attack.
You closely miss something.
You feel sick. Something hits you.
* * * LOW HITPOINT WARNING * * *
Something burns you.
You die...

####
#.....#######
#.....#####
#...).....#
#........)#
#.........#
##+##.###'#####
#.....# #.....#
#.....#
#.....###
#.....#
#....@{y#
#.....#
##....#y#
#.....#
#....#.###
#.....#
#....#y†.#
#.....#
#....###.#
####..#########
.# ####..##...
.# #......#.#
.# #...†>.'.#
{#


You could see 2 killer bees.

Vanquished Creatures
  A two-headed ogre (D:9)
  The ghost of BrokenGlass the Martial Artist, a novice OpFi of Ashenzari (D:7)
  A hornet (D:8)
  A troll (D:9)
  A hippogriff (D:9)
  Sigmund (D:2)
  A water moccasin (D:6)
  An ice beast (D:6)
  2 sky beasts
  An orc warrior (D:6)
  A necrophage (D:9)
  4 ogres
  A phantom (D:4)
  The ghost of Oki the Sneak, an amateur OpAs of Xom (D:3)
  3 centaurs
  2 bullfrogs
  A killer bee (D:8)
  A bullfrog zombie (D:6)
  5 crimson imps
  A quasit (D:8)
  2 jellies (D:5)
  An orc priest (D:9)
  Crazy Yiuf (D:6)
  A hound (D:4)
  6 orc wizards
  Ijyb (D:3)
  A bullfrog skeleton (D:9)
  A gnoll shaman (D:6)
  An iguana (D:8)
  5 worker ants
  A worker ant zombie (D:6)
  A howler monkey zombie (D:7)
  13 adders
  11 gnolls
  A shadow imp (D:5)
  An ooze (D:4)
  2 worms
  A dart slug (D:3)
  4 leopard geckos
  25 orcs
  2 ball pythons
  4 giant cockroaches
  8 goblins
  6 hobgoblins
  4 jackals (D:2)
  7 kobolds
  A quokka (D:2)
  2 bats (D:1)
  A frilled lizard (D:1)
  4 rats
150 creatures vanquished.

Vanquished Creatures (others)
  4 toadstools (D:1)
4 creatures vanquished.

Grand Total: 154 creatures vanquished

Notes
Turn   | Place    | Note
-------+----------+-------------------------------------------
     0 | D:1      | Kalmarka777 the Troll Fighter began the quest for the Orb.
     0 | D:1      | Reached XP level 1. HP: 22/22 MP: 0/0
   125 | D:1      | Reached XP level 2. HP: 29/29 MP: 1/1
   438 | D:1      | Reached skill level 5 in Unarmed Combat
   438 | D:1      | Reached XP level 3. HP: 40/40 MP: 2/2
   484 | D:1      | Reached skill level 5 in Fighting
   484 | D:1      | Reached skill level 5 in Dodging
   484 | D:1      | Reached skill level 5 in Shields
   484 | D:1      | Reached XP level 4. HP: 52/52 MP: 3/3
   606 | D:2      | Noticed Sigmund
   612 | D:2      | Killed Sigmund
   612 | D:2      | Reached XP level 5. HP: 44/59 MP: 4/4
   757 | D:2      | Reached XP level 6. HP: 66/67 MP: 5/5
  1478 | D:3      | Noticed Oki's ghost (amateur OpAs)
  1495 | D:3      | Killed Oki's ghost
  1628 | D:3      | Noticed Ijyb
  1636 | D:3      | Killed Ijyb
  1768 | D:4      | Reached XP level 7. HP: 74/74 MP: 6/6
  1797 | D:4      | Found an ancient bone altar of Kikubaaqudgha.
  1799 | D:4      | Found a blossoming altar of Fedhas.
  1855 | D:4      | Got a smoking trident
  1856 | D:4      | Identified the cursed +0 trident "Tushill" {pierce, rElec rPois Str+5} (You found it on level 4 of the Dungeon)
  1869 | D:4      | Found a sacrificial altar of Ru.
  2235 | D:4      | Found a sparkling altar of Nemelex Xobeh.
  2238 | D:4      | Found a radiant altar of Vehumet.
  2288 | D:5      | Entered Level 5 of the Dungeon
  2329 | D:5      | Reached skill level 1 in Polearms
  2788 | D:5      | Reached XP level 8. HP: 80/83 MP: 7/7
  3464 | D:6      | Found a runed door.
  3468 | D:6      | Got a warped mace
  3469 | D:6      | Noticed Crazy Yiuf
  3476 | D:6      | Killed Crazy Yiuf
  3717 | D:6      | Found a stormy altar of Qazlal.
  3720 | D:6      | Found a staircase to the Ecumenical Temple.
  3725 | D:6      | Reached XP level 9. HP: 80/89 MP: 8/8
  3736 | Temple   | Entered the Ecumenical Temple
  3757 | Temple   | Became a worshipper of Warmaster Okawaru
  4387 | D:7      | Noticed BrokenGlass's ghost (novice OpFi)
  4406 | D:7      | Killed BrokenGlass's ghost
  4511 | D:7      | Found a stormy altar of Qazlal.
  4511 | D:7      | Found a shimmering altar of Xom.
  4512 | D:7      | Found a sacrificial altar of Ru.
  4513 | D:7      | Found a basalt altar of Yredelemnul.
  4513 | D:7      | Found a glowing silver altar of Zin.
  4513 | D:7      | Found a shadowy altar of Dithmenos.
  4675 | D:7      | Found Dueblyull's Gadget Shop.
  4871 | D:8      | Noticed Erica
  4893 | D:8      | Noticed a two-headed ogre
  5070 | D:9      | Killed a two-headed ogre
  5070 | D:9      | Reached * piety under Okawaru
  5100 | D:8      | Noticed a troll
  5121 | D:9      | Killed a troll
  5121 | D:9      | Reached ** piety under Okawaru
  5256 | D:9      | Reached XP level 10. HP: 80/100 MP: 9/9
  5747 | D:8      | HP: 2/100 [something (6)]
  5747 | D:8      | Slain by Erica

Skill      XL: |  1  2  3  4  5  6  7  8  9 |
---------------+----------------------------+-----
Fighting       | 4 5 6 |  6.5
Dodging        | 4 5 6 7 |  7.7
Shields        | 4 5 6 7 |  7.1
Unarmed Combat | 5 6 7 |  7.6
Polearms       | 1 3 4 |  4.5

Action                   |  1- 3 |  4- 6 |  7- 9 | 10-12 || total
-------------------------+-------+-------+-------+-------++-------
Melee: Unarmed           |    55 |    77 |     3 |       ||   135
       Trident           |       |       |   370 |    86 ||   456
Throw: Javelin           |       |       |     3 |     1 ||     4
Invok: Heroism           |       |       |       |     1 ||     1
  Use: Potion            |     3 |     3 |     9 |     1 ||    16
       Scroll            |     3 |     4 |     7 |       ||    14
 Stab: Sleeping          |       |     2 |     6 |       ||     8
       Distracted        |       |     1 |       |       ||     1
  Eat: Ration            |     1 |     2 |     4 |     1 ||     8
       Chunk             |       |     5 |    19 |       ||    24
Armor: Robe              |    17 |     8 |    67 |    28 ||   120
Dodge: Dodged            |    17 |    11 |   139 |    36 ||   203
Block: Shield            |    37 |    38 |   240 |    48 ||   363
       Reflection        |       |     2 |       |       ||     2
